 Dungeon Crawl Stone Soup version 0.21.1-1-g345015fe64 (webtiles) character file.

144 Htamos the Charmwright (level 5, -15/30 HPs)
             Began as a Deep Elf Skald on July 16, 2018.
             Was an Initiate of Cheibriados.
             Demolished by an ogre
             ... wielding a +0 giant club
              (20 damage)
             ... on level 3 of the Dungeon.
             The game lasted 00:05:37 (2703 turns).

Htamos the Charmwright (Deep Elf Skald)             Turns: 2703, Time: 00:05:38

Health: -15/30     AC:  5    Str:  9    XL:     5   Next: 5%
Magic:  5/13       EV: 12    Int: 20    God:    Cheibriados [......]
Gold:   126        SH:  0    Dex: 15    Spells: 11/12 levels left

rFire    . . .     SeeInvis .   j - +2 dagger (protect)
rCold    . . .     Gourm    .   (no shield)
rNeg     . . .     Faith    .   b - +0 leather armour
rPois    .         Spirit   .   (no helmet)
rElec    .         Reflect  .   (no cloak)
rCorr    .         Harm     .   (no gloves)
MR       .....                  h - +1 pair of boots
Stlth    +.........             (no amulet)
HPRegen  0.10/turn              (no ring)
MPRegen  0.13/turn              (no ring)

@: lethally poisoned (-15 -> -17), infused, very slow
A: no striking features
a: Bend Time, Renounce Religion


You were on level 3 of the Dungeon.
You worshipped Cheibriados.
Cheibriados was noncommittal.
You were not hungry.

You visited 1 branch of the dungeon, and saw 3 of its levels.

You collected 126 gold pieces.

Inventory:

Hand Weapons
 a - a +0 short sword
 e - a +1 mace of crushing
 j - a +2 dagger of protection (weapon)
Armour
 b - a +0 leather armour (worn)
 h - a +1 pair of boots (worn)
Jewellery
 p - an uncursed amulet of regeneration {unknown}
Scrolls
 f - a scroll of amnesia {unknown}
 k - 3 scrolls of identify {unknown}
 l - a scroll of teleportation {unknown}
 n - a scroll of magic mapping {unknown}
Potions
 g - a potion of haste {unknown}
 i - 2 potions of agility {unknown}
 m - a potion of cancellation {unknown}
 o - a potion of curing {unknown}
Books
 c - a book of Battle

   Spells                             Type                      Level
   a - Infusion                       Charms                       1
   b - Shroud of Golubria             Charms/Translocation         2
   c - Song of Slaying                Charms                       2
   d - Spectral Weapon                Hexes/Charms                 3
   e - Regeneration                   Charms/Necromancy            3
Comestibles
 d - 4 rations


   Skills:
 - Level 1.8 Fighting
 + Level 2.9 Short Blades
 - Level 1.0 Armour
 - Level 2.6 Dodging
 + Level 4.2 Spellcasting
 * Level 6.5 Charms


You had 11 spell levels left.
You knew the following spells:

 Your Spells              Type           Power        Failure   Level  Hunger
a - Infusion              Chrm           ####         1%          1    None


Dungeon Overview and Level Annotations

Branches:
Dungeon (3/15)

Altars:
Ashenzari
Cheibriados
Qazlal
Zin


Message History

You feel sick. The bat hits you but does no damage. The bat closely misses you.
You hit the bat!
You kill the bat!
Cheibriados thoroughly appreciates the change of pace.
You barely miss the ogre. The ogre barely misses you.
You hit the ogre.
The ogre is lightly wounded.
You feel sick.
You barely miss the ogre.
The ogre is lightly wounded.
The ogre hits you but does no damage.
You hit the ogre.
The ogre is moderately wounded.
The ogre hits you with a giant club!
* * * LOW HITPOINT WARNING * * *
You feel sick.
You feel sick. The ogre hits you with a giant club!!
Ouch! That really hurt!
You die...

#.# #.###.##.##.# #÷#
#.########.###.##.##.#######.#
#.#.........#...#.##.........#
#.#.######...............#####
#.#.# #..#...#.########
#.#.######..##.##.#
#..............##.#
###.######........#
#.........##@####
############O# .....##.######
#.........# #.##.####.# # #†#
.........# ####.......
#.#...###


You could see an ogre.

Vanquished Creatures
  5 gnolls
  4 adders
  2 worms
  2 dart slugs (D:1)
  A leopard gecko (D:2)
  An orc (D:2)
  A ball python (D:2)
  A giant cockroach (D:2)
  7 goblins
  2 hobgoblins (D:1)
  4 jackals (D:2)
  2 quokkas
  6 bats
  2 frilled lizards
  8 kobolds
  6 rats
54 creatures vanquished.

Notes
Turn   | Place    | Note
-------+----------+-------------------------------------------
     0 | D:1      | Htamos the Deep Elf Skald began the quest for the Orb.
     0 | D:1      | Reached XP level 1. HP: 12/12 MP: 6/6
   274 | D:1      | Reached XP level 2. HP: 17/17 MP: 8/8
   515 | D:1      | Reached skill level 1 in Armour
   789 | D:1      | Reached skill level 5 in Charms
   944 | D:1      | Reached XP level 3. HP: 21/21 MP: 4/9
  1312 | D:2      | Reached XP level 4. HP: 20/26 MP: 3/11
  1545 | D:1      | Reached skill level 6 in Charms
  1930 | D:2      | Found a shattered altar of Ashenzari.
  2183 | D:2      | Found a glowing silver altar of Zin.
  2186 | D:2      | Found a stormy altar of Qazlal.
  2189 | D:2      | Found a snail-covered altar of Cheibriados.
  2193 | D:2      | Became a worshipper of Cheibriados the Contemplative
  2682 | D:3      | Noticed an ogre
  2694 | D:3      | Reached XP level 5. HP: 20/30 MP: 7/13
  2703 | D:3      | Demolished by an ogre

Skill      XL: |  1  2  3  4 |
---------------+-------------+-----
Armour         | 1 |  1.0
Charms         | 5 6 |  6.5
Spellcasting   | 4 |  4.2
Fighting       | |  1.8
Short Blades   | |  2.9
Dodging        | |  2.6

Action                   |  1- 3 |  4- 6 || total
-------------------------+-------+-------++-------
Melee: Short sword       |    49 |       ||    49
       Dagger            |    43 |    80 ||   123
 Cast: Infusion          |    14 |     7 ||    21
  Eat: Chunk             |     1 |     5 ||     6
Armor: Leather armour    |    30 |    41 ||    71
Dodge: Dodged            |    57 |    56 ||   113
